 Dungeon Crawl Stone Soup version 0.19-a0-965-g50bf062 (webtiles) character file.

85 Ijustatesigmund the Skirmisher (level 4, 0/37 HPs)
             Began as a Demonspawn Fighter on July 12, 2016.
             Slain by Crazy Yiuf
             ... wielding a +2 quarterstaff of chaos
              (16 damage)
             ... on level 2 of the Dungeon.
             The game lasted 00:04:01 (1490 turns).

Ijustatesigmund the Skirmisher (Demonspawn Fighter) Turns: 1490, Time: 00:04:02

Health: 0/37       AC: 16    Str: 17    XL:     4   Next: 25%
Magic:  4/4        EV:  7    Int:  9    God:
Gold:   105        SH:  8    Dex: 13    Spells: 0 memorised, 3 levels left

rFire  . . .     SeeInvis .     a - +0 long sword
rCold  . . .     Gourm    .     b - +0 scale mail
rNeg   . . .     Faith    .     c - +0 shield
rPois  .         Spirit   .     (no helmet)
rElec  .         Dismiss  .     k - +0 cloak
rCorr  .         Reflect  .     (no gloves)
SustAt .         Harm     .     (no boots)
MR     .....                    (no amulet)
Stlth  ..........               (no ring)
                                (no ring)

@: sanguine armour, very slightly contaminated, hasted, very quick, not
resistant to hostile enchantments, extremely unstealthy
A: sanguine armour 2
a: no special abilities


You were on level 2 of the Dungeon.
You were not hungry.

You visited 1 branch of the dungeon, and saw 2 of its levels.

You collected 105 gold pieces.

Inventory:

Hand Weapons
 a - a +0 long sword (weapon)
Armour
 b - a +0 scale mail (worn)
 c - a +0 shield (worn)
 k - a +0 cloak (worn)
Scrolls
 e - a scroll of blinking
Potions
 g - 2 potions of heal wounds
 i - 2 potions of curing
 j - 3 potions of mutation {unknown}
 n - a potion of brilliance {unknown}
Comestibles
 f - a bread ration


   Skills:
 + Level 3.9 Fighting
 + Level 2.6 Long Blades
 - Level 2.6 Armour
 + Level 1.9 Dodging
 - Level 2.6 Shields


You had 3 spell levels left.
You didn't know any spells.

Dungeon Overview and Level Annotations

Branches:
Dungeon (2/15)

Altars:

Annotations:
D:2 Crazy Yiuf


Innate Abilities, Weirdness & Mutations

When seriously injured, your bleeding wounds create thick armour. (AC +9)


Message History

You hit Crazy Yiuf but do no damage.
Crazy Yiuf is lightly wounded.
Crazy Yiuf hits you with a quarterstaff of chaos.
Crazy Yiuf freezes you.
You closely miss Crazy Yiuf.
Crazy Yiuf is lightly wounded.
You miss Crazy Yiuf.
Crazy Yiuf is lightly wounded.
Crazy Yiuf cries, "Ghoul bush turtle!"
Crazy Yiuf hits you with a quarterstaff of chaos!
Your blood congeals into armour.
You feel much better.
Your blood armour dries and flakes away.
Crazy Yiuf hits you with a quarterstaff of chaos!
Your blood congeals into armour.
You hit Crazy Yiuf.
Crazy Yiuf is moderately wounded.
Crazy Yiuf hits you with a quarterstaff of chaos.
You are electrocuted!
You die...

.# #.#
###.##.......# .#
#.# #.#####.#### .#
#.# #.# #.# .# ..
#.# #.# #.# .# #.
#.# ..# #.# .####.
#. #.# ### #.#
...... #. #.#.#
#####.# .#####
##.###g#.# #.....#
.######.###...##@#.#
#.#####
......#.....#....#.#
#.# .####.#
#...####.# #.# .#
#.# ##†## #.# #.#
.####.###
#.#####.#####[#
###.....#
#.....<.......#
###.#.#.#
#######.#######
......#.#
#[##############
###.#.#.#
#...............


You could see Crazy Yiuf.

Vanquished Creatures
  Robin (D:2)
  2 adders (D:2)
  A gnoll (D:1)
  A dart slug (D:2)
  A giant cockroach (D:2)
  8 goblins
  11 hobgoblins
  A quokka (D:2)
  3 bats
  4 giant newts
  5 kobolds
  6 rats
44 creatures vanquished.

Vanquished Creatures (others)
  A rat (D:2)
1 creature vanquished.

Grand Total: 45 creatures vanquished

Notes
Turn   | Place    | Note
-------+----------+-------------------------------------------
     0 | D:1      | Ijustatesigmund the Demonspawn Fighter began the quest for the Orb.
     0 | D:1      | Reached XP level 1. HP: 18/18 MP: 1/1
   166 | D:1      | Gained mutation: When seriously injured, your bleeding wounds create armour. (AC +9) [demonic ancestry]
   166 | D:1      | Reached XP level 2. HP: 24/24 MP: 2/2
   598 | D:2      | Reached skill level 1 in Dodging
   623 | D:2      | Gained mutation: When seriously injured, your bleeding wounds create thick armour. (AC +9) [demonic ancestry]
   623 | D:2      | Reached XP level 3. HP: 24/29 MP: 3/3
   647 | D:2      | Noticed Robin
   655 | D:2      | Killed Robin
   936 | D:2      | Reached XP level 4. HP: 37/37 MP: 4/4
  1370 | D:2      | Found a runed door.
  1482 | D:2      | Noticed Crazy Yiuf
  1490 | D:2      | Slain by Crazy Yiuf

Vault maps used:
D:1:      ncdulo_halloftheorcs
D:2:      uniq_sigmund, uniq_crazy_yiuf_cottage, uniq_robin

Skill      XL: |  1  2 |
---------------+-------+-----
Long Blades    | 2 |  2.6
Dodging        | 1 |  1.9
Fighting       | |  3.9
Armour         | |  2.6
Shields        | |  2.6

Action                   |  1- 3 |  4- 6 || total
-------------------------+-------+-------++-------
Melee: Long sword        |   125 |    34 ||   159
  Use: Scroll            |     3 |     3 ||     6
       Potion            |       |     2 ||     2
  Eat: Chunk             |       |     2 ||     2
Armor: Scale mail        |    76 |     8 ||    84
Dodge: Dodged            |    39 |    11 ||    50
Block: Shield            |    58 |     7 ||    65
